 Dungeon Crawl Stone Soup version 0.29-a0-23-ga79f92ac9c (webtiles) character file.

Game seed: 12240281979756729054

49 arthad the Covert (level 3, 0/35 HPs)
             Began as a Gnoll Delver on Jan 31, 2022.
             Succumbed to a goblin's poison
             ... on level 2 of the Dungeon.
             The game lasted 00:04:12 (626 turns).

arthad the Covert (Gnoll Delver)                     Turns: 626, Time: 00:04:12

Health: 0/35       AC:  9    Str: 15    XL:     3   Next: 75%
Magic:  4/4        EV: 12    Int: 11    God:
Gold:   66         SH:  0    Dex: 13    Spells: 3/3 levels left

rFire   . . .      SeeInvis .   a - +0 hand axe
rCold   . . .      Faith    .   (no shield)
rNeg    . . .      Spirit   .   j - +4 ring mail of the Constellations {Str+4}
rPois   .          Reflect  .   (no helmet)
rElec   .          Harm     .   (no cloak)
rCorr   .          Rampage  .   (no gloves)
Will    .....                   (no boots)
Stlth   ++++......              (no amulet)
HPRegen 0.11/turn               (no ring)
MPRegen 0.09/turn               (no ring)

@: brilliant, lethally poisoned (0 -> -1), attractive, hasted, very quick
A: fangs 1, strong nose, distributed training
a: no special abilities


You were on level 2 of the Dungeon.
You visited 1 branch of the dungeon, and saw 4 of its levels.

You collected 66 gold pieces.

Inventory:

Hand Weapons
 a - a +0 hand axe (weapon)
Armour
 b - a +0 leather armour
 j - the +4 ring mail of the Constellations (worn) {Str+4}
   (You found it on level 3 of the Dungeon)

   Str:       It affects your strength (+4).
Wands
 g - a wand of digging (3)
Scrolls
 c - a scroll of fog
 d - a scroll of magic mapping
Potions
 f - a potion of haste


   Skills:
 + Level 6.5 Fighting
 + Level 0.9 Short Blades
 + Level 0.9 Long Blades
 + Level 4.5 Axes
 + Level 0.9 Maces & Flails
 + Level 0.9 Polearms
 + Level 0.9 Staves
 + Level 0.9 Slings
 + Level 0.9 Bows
 + Level 0.9 Crossbows
 + Level 0.9 Throwing
 + Level 0.9 Armour
 + Level 4.5 Dodging
 + Level 9.6 Stealth
 + Level 0.9 Shields
 + Level 0.9 Unarmed Combat
 + Level 0.9 Spellcasting
 + Level 0.6 Conjurations
 + Level 0.6 Hexes
 + Level 0.6 Summonings
 + Level 0.6 Necromancy
 + Level 0.6 Translocations
 + Level 0.6 Transmutations
 + Level 0.6 Fire Magic
 + Level 0.6 Ice Magic
 + Level 0.6 Air Magic
 + Level 0.6 Earth Magic
 + Level 0.6 Poison Magic
 + Level 1.0 Invocations
 + Level 0.9 Evocations


You had 3 spell levels left.
You didn't know any spells.
Your spell library was empty.

Dungeon Overview and Level Annotations

Branches:
Dungeon (5/15)
 Temple: D:4-7

Altars:

Annotations:
D:2 Robin


Innate Abilities, Weirdness & Mutations

You have very sharp teeth.
Your uncanny sense of smell can sniff out nearby items.
Your experience applies equally to all skills.


Message History

Unknown command.
You catch the helpless Robin completely off-guard!
You hit Robin.
Your attack snaps Robin out of their fear.
Robin is heavily wounded.
You barely miss the goblin. You closely miss the goblin.
Robin hits you with a +3 club.
* * * LOW HITPOINT WARNING * * *
The goblin is attracted toward you. x2
You hit Robin.
Robin is severely wounded.
You barely miss the goblin. You hit the goblin.
Your attack snaps the goblin out of its fear.
* * * LOW HITPOINT WARNING * * *
You feel sick. The goblin barely misses you.
You hit Robin but do no damage.
Robin is severely wounded.
You hit the goblin.
You kill the goblin!
You hit the goblin.
You kill the goblin!
* * * LOW HITPOINT WARNING * * *
You feel sick. Robin hits you but does no damage.
The goblin is attracted toward you. The dart slug is attracted toward you.
A dart slug comes into view.
Unknown command.
You barely miss Robin.
Robin is severely wounded.
You hit the goblin.
You kill the goblin!
Robin hits you but does no damage.
You closely miss Robin.
Robin is severely wounded.
You hit the dart slug.
* * * LOW HITPOINT WARNING * * *
You feel sick. Robin misses you.
You hit Robin.
Robin is severely wounded.
You completely miss the dart slug.
You die...

.# .. .# #.. .#
..# โˆ† .##.. .
โˆ† ..ยง. .. #.
..# ..## #.
##w.# โˆ†..#
#..## ###@g#
#.#
#...####.))##
##.###
#........##
.....#
####.#####
.....######.#
.........)..#
...>.##....<..#
.....##.#.....#
#######.##....#


You could see Robin and a dart slug.

Vanquished Creatures
  2 adders (D:3)
  A dart slug (D:4)
  An orc (D:4)
  A ball python (D:2)
  2 endoplasms (D:3)
  4 hobgoblins (D:2)
  2 kobolds
  3 frilled lizards (D:3)
  9 goblins
  A quokka skeleton (D:4)
26 creatures vanquished.

Notes
Turn   | Place    | Note
-------+----------+-------------------------------------------
     0 | D:5      | Reached skill level 9 in Stealth
     0 | D:5      | arthad the Gnoll Delver began the quest for the Orb.
     0 | D:5      | Reached XP level 1. HP: 23/23 MP: 1/1
    52 | D:5      | Noticed an iguana
    80 | D:5      | Noticed an ogre
   429 | D:3      | Reached XP level 2. HP: 29/29 MP: 2/2
   441 | D:3      | Identified the +4 ring mail of the Constellations {Str+4}
   545 | D:3      | Reached XP level 3. HP: 30/35 MP: 2/4
   604 | D:2      | Noticed Robin
   611 | D:2      | Reached skill level 1 in Invocations
   625 | D:2      | HP: 1/35 [poisoned by a goblin]
   626 | D:2      | Succumbed to a goblin's poison

Illustrated notes

Levels and vault maps discovered:
D:2:      layout_loops_corners, kennysheep_decorative_pillar,
          minmay_misc_feat_iff, uniq_robin
D:3:      layout_rooms, minmay_diced_spiral
D:4:      layout_basic, minmay_temple_entry_glassed_door
D:5:      layout_gridville, guppyfry_shop_venom, uniq_ijyb, uniq_grinder

Skill      XL: |  1  2  3 |
---------------+----------+-----
Stealth        | |  9.6
Invocations    | 1 |  1.0
Fighting       | |  6.5
Short Blades   | |  0.9
Long Blades    | |  0.9
Axes           | |  4.5
Maces & Flails | |  0.9
Polearms       | |  0.9
Staves         | |  0.9
Slings         | |  0.9
Bows           | |  0.9
Crossbows      | |  0.9
Throwing       | |  0.9
Armour         | |  0.9
Dodging        | |  4.5
Shields        | |  0.9
Unarmed Combat | |  0.9
Spellcasting   | |  0.9
Conjurations   | |  0.6
Hexes          | |  0.6
Summonings     | |  0.6
Necromancy     | |  0.6
Translocations | |  0.6
Transmutations | |  0.6
Fire Magic     | |  0.6
Ice Magic      | |  0.6
Air Magic      | |  0.6
Earth Magic    | |  0.6
Poison Magic   | |  0.6
Evocations     | |  0.9

Action                   || total
-------------------------++-------
Melee: Hand axe          ||    54
       Bite              ||     4
  Use: Potion            ||     3
       Scroll            ||     1
 Stab: Sleeping          ||     6
       Fleeing           ||     1
Armor: Leather armour    ||     3
       Ring mail         ||    20
Dodge: Dodged            ||    23

Table legend: (Time is in decaauts)
 A = Elapsed time spent in this place.
 B = Non-inter-level travel time spent in this place.
 C = Inter-level travel time spent in this place.
 D = Time resting spent in this place.
 E = Time spent auto-exploring this place.
 F = Levels seen in this place.
 G = Mean time per level.
                   A        B        C        D        E       F      G
               +--------+--------+--------+--------+--------+-----+--------+
         Total |    622 |    622 |      0 |    105 |    154 |   4 |  155.5 |
       Dungeon |    622 |    622 |      0 |    105 |    154 |   4 |  155.5 |
               +--------+--------+--------+--------+--------+-----+--------+

Top non-repeatable levels by time:
     D:4: 246 daAuts
     D:3: 152 daAuts
     D:5: 152 daAuts
     D:2: 71 daAuts
